 Dungeon Crawl Stone Soup version 0.28.0-53-g5a82cb258f (webtiles) character file.

Game seed: 5743292372885694418

162 DemonSlayer the Firebug (level 5, 0/36 HPs)
             Began as a Demonspawn Fire Elementalist on July 30, 2022.
             Slain by Edmund
             ... wielding a +5 flail of protection
              (12 damage)
             ... on level 4 of the Dungeon.
             The game lasted 00:06:04 (3010 turns).

DemonSlayer the Firebug (DsFE)                      Turns: 3010, Time: 00:06:05

Health: 0/36       AC:  3    Str: 17    XL:     5   Next: 19%
Magic:  2/9        EV: 12    Int: 19    God:
Gold:   173        SH:  0    Dex: 13    Spells: 3/9 levels left

rFire   x . .      SeeInvis .   i - +8 hand axe of Innocence {venom, rF- Str+9}
rCold   . . .      Faith    .   (no shield)
rNeg    + . .      Spirit   .   a - +1 robe
rPois   .          Reflect  .   (helmet restricted)
rElec   .          Harm     .   (no cloak)
rCorr   +          Rampage  .   (no gloves)
Will    .....                   (no boots)
Stlth   ++........              g - amulet of regeneration
HPRegen 0.92/turn               d - ring of resist corrosion
MPRegen 0.11/turn               j - ring of positive energy

@: about to teleport
A: horns 1, foul stench 1
a: no special abilities


You were on level 4 of the Dungeon.
You visited 1 branch of the dungeon, and saw 4 of its levels.

You collected 173 gold pieces.

Inventory:

Hand Weapons
 i - the +8 hand axe of Innocence (weapon) {venom, rF- Str+9}
   (You found it on level 2 of the Dungeon)

   It poisons the flesh of those it strikes.
   Str:       It affects your strength (+9).
   rF:        It makes you vulnerable to fire.
Armour
 a - a +1 robe (worn)
Jewellery
 d - a ring of resist corrosion (left hand)
 g - an amulet of regeneration (around neck)
 j - a ring of positive energy (right hand)
 k - a +4 ring of slaying
Scrolls
 e - a scroll of vulnerability
 m - a scroll of silence
Potions
 b - 2 potions of berserk rage
 c - 3 potions of heal wounds
 l - a potion of attraction
 n - a potion of resistance {unknown}
 o - a potion of haste {unknown}


   Skills:
 + Level 0.7 Fighting
 + Level 1.3 Axes
 + Level 2.0 Dodging
 + Level 2.0 Stealth
 + Level 2.9 Spellcasting
 + Level 1.7 Conjurations
 + Level 4.0 Fire Magic


You had 3 spell levels left.
You knew the following spells:

 Your Spells              Type           Power      Damage    Failure   Level
a - Foxfire               Conj/Fire      52%        2x1d6     4%          1
b - Scorch                Fire           36%        2d6       4%          2
c - Conjure Flame         Conj/Fire      13%        6-21      14%         3

Your spell library contained the following spells:

 Spells                   Type           Power      Damage    Failure   Level
 Inner Flame              Hex/Fire       10%        N/A       21%         3
 Flame Wave               Conj/Fire      13%        2d6       43%         4


Dungeon Overview and Level Annotations

Branches:
Dungeon (4/15)
 Temple: D:4-7

Altars:

Annotations:
D:4 Edmund


Innate Abilities, Weirdness & Mutations

You have a pair of small horns on your head.
You may rarely emit foul miasma when damaged in melee.


Message History

Edmund is lightly wounded.
You conjure some foxfire!
Your foxfire dissipates!
The foxfire hits Edmund but does no damage.
Edmund is lightly wounded.
You conjure some foxfire!
The foxfire hits Edmund.
Edmund is lightly wounded.
Your foxfire dissipates!
You conjure some foxfire!
The foxfire hits Edmund.
Edmund is lightly wounded.
The foxfire hits Edmund but does no damage.
Edmund is lightly wounded.
The foxfire hits Edmund but does no damage.
Edmund is lightly wounded.
You conjure some foxfire!
The foxfire hits Edmund but does no damage.
Edmund is lightly wounded.
You conjure some foxfire!
The foxfire hits Edmund but does no damage.
Edmund is lightly wounded.
The foxfire hits Edmund but does no damage.
Edmund is lightly wounded.
The foxfire hits Edmund but does no damage.
Edmund is lightly wounded.
You completely miss Edmund. Your headbutt misses Edmund.
Edmund is lightly wounded.
The foxfire hits Edmund but does no damage.
Edmund is lightly wounded.
The foxfire hits Edmund.
Edmund is lightly wounded.
Edmund hits you with a +5 flail of protection!
You hit Edmund.
Edmund is moderately wounded.
Edmund hits you with a +5 flail of protection!
Edmund hits you with a +5 flail of protection.
* * * LOW HITPOINT WARNING * * *
As you read the scroll of teleportation, it crumbles to dust.
You feel strangely unstable.
Edmund hits you with a +5 flail of protection!
You die...

###################
#.................#
#.###############.#
#.# #.# #.# ###.#
..# . #...#####.
###
...#####.........#
######
.......#@@.#######
......
.................
####.#
###.....######.##
.# #####.# .# #..
.# ##. .# .# .# ..
.# #+


You could see Edmund.

Vanquished Creatures
  Terence (D:2)
  Natasha (thrice) (D:2)
  An adder (D:3)
  An ufetubus (D:4)
  A worm (D:2)
  An orc (D:3)
  5 ball pythons
  3 endoplasms
  A giant cockroach (D:1)
  6 goblins
  4 hobgoblins
  2 quokkas (D:1)
  4 bats
  3 frilled lizards
  5 kobolds (D:2)
  6 rats
47 creatures vanquished.

Vanquished Creatures (collateral kills)
  A foxfire (D:1)
1 creature vanquished.

Vanquished Creatures (others)
  A demonic plant (D:1)
  73 foxfires
74 creatures vanquished.

Grand Total: 122 creatures vanquished

Notes
Turn   | Place    | Note
-------+----------+-------------------------------------------
     0 | D:1      | DemonSlayer the Demonspawn Fire Elementalist began the
                  | quest for the Orb.
     0 | D:1      | Reached XP level 1. HP: 13/13 MP: 3/3
    73 | D:1      | Reached skill level 3 in Fire Magic
   290 | D:1      | Gained mutation: You may rarely emit foul miasma when
                  | damaged in melee. [demonic ancestry]
   290 | D:1      | Reached XP level 2. HP: 5/19 MP: 5/5
   590 | D:1      | Found a faded altar of an unknown god.
  1195 | D:1      | Learned a level 2 spell: Scorch
  1409 | D:2      | Noticed Natasha
  1411 | D:2      | Noticed a crimson imp
  1418 | D:2      | Noticed a crimson imp
  1423 | D:2      | Identified the +8 hand axe of Innocence {venom, rF- Str+9}
  1445 | D:2      | Killed Natasha
  1446 | D:2      | Gained mutation: You have a pair of small horns on your
                  | head. [demonic ancestry]
  1446 | D:2      | Reached XP level 3. HP: 25/25 MP: 1/6
  1523 | D:2      | Noticed Natasha
  1524 | D:2      | Noticed Terence
  1527 | D:2      | Killed Natasha
  1528 | D:2      | Reached XP level 4. HP: 18/31 MP: 4/7
  1530 | D:2      | Killed Terence
  1531 | D:2      | Reached skill level 1 in Axes
  1633 | D:2      | Noticed Natasha
  1639 | D:2      | Killed Natasha
  1713 | D:2      | Reached XP level 5. HP: 36/36 MP: 6/9
  1887 | D:2      | Learned a level 3 spell: Conjure Flame
  2881 | D:4      | Reached skill level 4 in Fire Magic
  2997 | D:4      | Noticed Edmund
  3010 | D:4      | Slain by Edmund

Illustrated notes

Levels and vault maps discovered:
D:1:      dpeg_arrival_connections, layout_rooms, shapermc_ecumenical_altar_gd
D:2:      layout_rooms, minmay_goblin_kobold_house, uniq_natasha, uniq_terence
D:3:      layout_loops_corners
D:4:      layout_basic, uniq_edmund

Skill      XL: |  1  2  3  4  5 |
---------------+----------------+-----
Fire Magic     | 3 4 |  4.0
Axes           | 1 |  1.3
Dodging        | 2 |  2.0
Stealth        | 2 |  2.0
Fighting       | |  0.7
Spellcasting   | |  2.9
Conjurations   | |  1.7

Action                   |  1- 3 |  4- 6 || total
-------------------------+-------+-------++-------
Melee: Hand axe          |    49 |    11 ||    60
       Punch             |     1 |       ||     1
       Headbutt          |     1 |     3 ||     4
 Cast: Foxfire           |    37 |     8 ||    45
       Scorch            |     5 |    11 ||    16
  Use: Scroll            |       |    10 ||    10
Armor: Robe              |    14 |     1 ||    15
Dodge: Dodged            |    38 |     6 ||    44
